 Dungeon Crawl Stone Soup version 0.31-a0-354-g827e0957a7 (webtiles) character file.

Game seed: 13211692276717478071

42 avis the Ruffian (level 3, -1/26 (31) HPs)
             Began as a Hill Orc Shapeshifter on July 23, 2023.
             Slain by a goblin
             ... wielding a +2 dagger of draining
             ... led by Robin
              (5 damage)
             ... on level 2 of the Dungeon.
             The game lasted 00:05:16 (1465 turns).

avis the Ruffian (Hill Orc Shapeshifter)            Turns: 1465, Time: 00:05:17

HP:   -1/26 (31)    AC:  3    Str: 19    XL:     3   Next: 54%
MP:   3/3           EV: 11    Int:  8    God:
Gold: 115           SH:  0    Dex: 11    Spells: 2/2 levels left

rFire   . .          .
                       - Unarmed
rCold   . . .        (no shield)
rNeg    . . .        d - +0 leather armour
rPois   .            (helmet currently unavailable)
rElec   .            (cloak currently unavailable)
rCorr   .            (gloves currently unavailable)
SInv    .            i - melded +0 pair of boots
Will    .....        (no amulet)
Stlth   +            (no ring)
HPRegen 0.24/turn    (no ring)
MPRegen 0.08/turn

%: no passive effects
@: beast-form, heavily drained
A: beast (slay +2)
a: Begin Untransformation


You were on level 2 of the Dungeon.
You were a hulking beast.
You visited 1 branch of the dungeon, and saw 2 of its levels.

You collected 115 gold pieces.

Inventory:

Hand Weapons
 b - a +0 sling
 w - a +0 spear
Armour
 d - a +0 leather armour (worn)
 i - a +0 pair of boots (melded)
Magical Staves
 e - a staff of death
Talismans
 c - a beast talisman
Scrolls
 f - a scroll of fear {unknown}
 g - 2 scrolls of enchant armour {unknown}
 h - 3 scrolls of immolation {unknown}
 j - a scroll of enchant weapon {unknown}
 k - a scroll of identify {unknown}
 n - 2 scrolls of noise {unknown}
Potions
 l - a potion of attraction {unknown}
 m - a potion of enlightenment {unknown}
 o - a potion of curing {unknown}
 p - 2 potions of lignification


   Skills:
 - Level 3.0 Fighting
 + Level 1.4 Armour
 - Level 1.5 Dodging
 - Level 3.2 Unarmed Combat
 - Level 3.0 Shapeshifting


You had 2 spell levels left.
You didn't know any spells.
Your spell library was empty.

Dungeon Overview and Level Annotations

Branches:
Dungeon (2/15)

Altars:

Annotations:
D:2 Robin


Message History

The goblin shouts!
You hit Robin.
Robin is severely wounded.
Robin says, "Bow before me, strongest of all the hobgoblins!"
Robin hits you with a +0 club.
You barely miss Robin.
Robin is severely wounded.
Robin roars a battlecry!
The goblin goes into a battle-frenzy!
You hear a shout!
You hit Robin but do no damage.
Robin is severely wounded.
Robin hits you with a +0 club.
You hit Robin.
Robin is severely wounded.
The goblin hits you with a +2 dagger of draining.
You feel drained. Robin barely misses you.
You closely miss Robin.
Robin is severely wounded.
A goblin comes into view. It is wielding a +3 dagger of venom.
The goblin hits you with a +2 dagger of draining.
You feel drained.
Robin roars a battlecry!
The goblin goes into a battle-frenzy!
You closely miss Robin.
Robin is severely wounded.
The goblin hits you with a +2 dagger of draining.
You feel drained. Robin hits you with a +0 club.
You hit Robin.
Robin is severely wounded.
The goblin hits you with a +2 dagger of draining.
* * * LOW HITPOINT WARNING * * *
You feel drained.
* * * LOW HITPOINT WARNING * * *
Robin hits you with a +0 club.
* * * LOW HITPOINT WARNING * * *
You hit Robin but do no damage.
Robin is severely wounded.
The goblin hits you with a +2 dagger of draining.
You die...

######.####...###
#......# ##.##
#####.###### #.#
#........# #.#
#.###.##.# #.#
#.###.##.#######.####
#.....#..............
####...........#..###
..######h.#....###.#..#
#
#......ggg.....###.#..#
#
########..##...##.....#
# #####..##..........#
#
#.......##..##..######
#g###.#.##............
#.# #.#.##.###..######
#.# #...........# #g#
###.##.###.##


You could see Robin and 2 goblins.

Vanquished Creatures
  2 adders (D:2)
  A ball python (D:2)
  3 giant cockroaches (D:1)
  4 goblins
  5 hobgoblins (D:1)
  A quokka (D:1)
  2 bats
  2 frilled lizards (D:1)
  A kobold (D:2)
  2 rats (D:1)
23 creatures vanquished.

Notes
Turn   | Place    | Note
-------+----------+-------------------------------------------
     0 | D:1      | avis the Hill Orc Shapeshifter began the quest for the Orb.
     0 | D:1      | Reached XP level 1. HP: 16/16 MP: 1/1
   239 | D:1      | Reached XP level 2. HP: 23/23 MP: 2/2
   323 | D:1      | Found a faded altar of an unknown god.
  1000 | D:2      | Reached XP level 3. HP: 9/31 MP: 3/3
  1244 | D:2      | Reached skill level 1 in Armour
  1358 | D:2      | Noticed Robin
  1465 | D:2      | Slain by a goblin

Illustrated notes

Levels and vault maps discovered:
D:1:      lightli_iron_boxes, layout_loops_ring,
          hellmonk_ecumenical_altar_lost_god
D:2:      layout_loops_ring, minmay_misc_feat_secret_circle,
          minmay_misc_feat_diagonals, uniq_jessica, uniq_robin

Skill      XL: |  1  2  3 |
---------------+----------+-----
Shapeshifting  | 3 |  3.0
Fighting       | 3 |  3.0
Armour         | 1 |  1.4
Dodging        | |  1.5
Unarmed Combat | |  3.2

Action                     || total
---------------------------++-------
  Melee: Unarmed           ||    72
   Fire: Sling             ||     2
Ability: Begin Untransform ||     1
 Armour: Leather armour    ||    18
  Dodge: Dodged            ||    32
   Form: Beast             ||     1

Table legend: (Time is in decaauts)
 A = Elapsed time spent in this place.
 B = Non-inter-level travel time spent in this place.
 C = Inter-level travel time spent in this place.
 D = Time resting spent in this place.
 E = Time spent auto-exploring this place.
 F = Levels seen in this place.
 G = Mean time per level.
                   A        B        C        D        E       F      G
               +--------+--------+--------+--------+--------+-----+--------+
         Total |   1460 |   1393 |     67 |    299 |    805 |   2 |  730.0 |
       Dungeon |   1460 |   1393 |     67 |    299 |    805 |   2 |  730.0 |
               +--------+--------+--------+--------+--------+-----+--------+

Top non-repeatable levels by time:
     D:1: 882 daAuts
     D:2: 578 daAuts
